 Dungeon Crawl Stone Soup version 0.31-a0-983-g7b6862f502 (webtiles) character file.

Game seed: 16845917313379227542

221 lunkers the Insei (level 5, -4/33 HPs)
             Began as an Octopode Shapeshifter on Nov 2, 2023.
             Was an Initiate of Ashenzari.
             Slain by a wight
             ... wielding a +2 battleaxe
              (9 damage)
             ... on level 3 of the Dungeon.
             The game lasted 00:01:55 (1380 turns).

lunkers the Insei (Octopode Shapeshifter)           Turns: 1380, Time: 00:01:55

Health: -4/33      AC:  1    Str: 13    XL:     5   Next: 98%
Magic:  5/5        EV: 13    Int: 12    God:    Ashenzari [......]
Gold:   98         SH:  0    Dex: 14    Spells: 4/4 levels left

rFire   . .          .
                       - Unarmed
rCold   . . .        (no shield)
rNeg    . . .        (helmet currently unavailable)
rPois   .            m - amulet of regeneration
rElec   .            (no ring)
rCorr   .            (no ring)
SInv    .            (no ring)
Will    .....        (no ring)
Stlth   ++           (no ring)
HPRegen 1.05/turn    (no ring)
MPRegen 0.09/turn    (no ring)
                     (no ring)

%: no passive effects
@: beast-form
A: beast (slay +2), almost no armour, amphibious, 8 rings, camouflage 1,
gelatinous body 1, (nimble swimmer 1), tentacles
a: Begin Untransformation, Renounce Religion


You were on level 3 of the Dungeon.
You worshipped Ashenzari.
Ashenzari was noncommittal.
You were a hulking beast.
You visited 1 branch of the dungeon, and saw 3 of its levels.

You collected 98 gold pieces.

Inventory:

Jewellery
 m - an amulet of regeneration (around mantle)
Talismans
 b - a beast talisman
 c - a flux talisman
Scrolls
 a - a scroll of enchant armour {unknown}
 d - a scroll of identify {unknown}
 e - a scroll of fear {unknown}
 f - a scroll of noise {unknown}
 i - 2 scrolls of revelation {unknown}
 l - 2 scrolls of vulnerability {unknown}
 n - a scroll of poison {unknown}
Potions
 g - 3 potions of heal wounds {unknown}
 h - 2 potions of invisibility {unknown}
 j - a potion of might {unknown}
 k - a potion of ambrosia {unknown}


   Skills:
 - Level 1.0 Fighting
 - Level 2.0 Dodging
 * Level 5.5 Unarmed Combat
 + Level 4.2 Shapeshifting


You had 4 spell levels left.
You didn't know any spells.
Your spell library was empty.

Dungeon Overview and Level Annotations

Branches:
Dungeon (3/15)

Altars:
Ashenzari
The Shining One


Innate Abilities, Weirdness & Mutations

You are a hulking beast.
Your limbs bulge with bestial killing power. (Slay +2)
You cannot wear most types of armour.
You are amphibious.
You can wear up to eight rings at the same time.
Your skin changes colour to match your surroundings (Stealth+).
Your rubbery body absorbs attacks. (AC +1, EV +1)
((You are camouflaged when in or above water. (Stealth+)))
You have tentacles for arms and can constrict up to eight enemies at once.


Message History

The wight hits you with a +0 battleaxe.
You feel drained.
You tentacle-slap the wight. Your grab misses the wight.
The wight is moderately damaged.
The wight hits you with a +0 battleaxe.
You feel drained.
You completely miss the wight. You grab the wight.
The wight is moderately damaged.
You constrict the wight, but do no damage.
The wight hits you with a +0 battleaxe!
* * * LOW HITPOINT WARNING * * *
You bludgeon the wight!
The wight is almost destroyed.
You constrict the wight, but do no damage.
You tentacle-slap the wight.
The wight is almost destroyed.
You constrict the wight.
You destroy the wight!
Your life force feels restored.
Your Unarmed Combat skill increases to level 5!
Your Shapeshifting skill increases to level 4!
You barely miss the wight. You grab the wight. You tentacle-slap the wight.
The wight is lightly damaged.
You constrict the wight.
You tentacle-slap the wight but do no damage.
The wight is moderately damaged.
You constrict the wight, but do no damage.
The wight hits you with a +2 long sword!
* * * LOW HITPOINT WARNING * * *
You feel drained.
You bludgeon the wight! You squeeze the wight.
The wight is severely damaged.
You constrict the wight, but do no damage.
The wight hits you with a +2 long sword!
* * * LOW HITPOINT WARNING * * *
You tentacle-slap the wight.
You destroy the wight!
Your life force feels restored.
You barely miss the wight. You grab the wight.
You squeeze the wight, but do no damage.
You constrict the wight. The wight hits you with a +2 battleaxe!
You die...

#...%.%..#
#........#
#........#
#........#
#..z.....#
######....(..
..........#
#...####
###Jzh.#
####.## #..##
...
#######..#
#..##
#..<.....#
#....
##.......#
#....
#.......#
#....
##.......#
#....
#........#
#....


You could see a wight and an endoplasm.

Vanquished Creatures
  2 wights (D:3)
  An adder (D:2)
  4 gnolls (D:2)
  2 worms (D:2)
  3 dart slugs
  An orc (D:3)
  4 ball pythons
  8 endoplasms
  3 giant cockroaches
  4 goblins
  3 hobgoblins
  5 jackals
  2 quokkas
  7 bats
  2 frilled lizards (D:2)
  4 kobolds
  3 rats
58 creatures vanquished.

Notes
Turn   | Place    | Note
-------+----------+-------------------------------------------
     0 | D:1      | lunkers the Octopode Shapeshifter began the quest for the
                  | Orb.
     0 | D:1      | Reached XP level 1. HP: 13/13 MP: 1/1
   144 | D:1      | Reached XP level 2. HP: 18/18 MP: 2/2
   590 | D:2      | Reached XP level 3. HP: 23/23 MP: 3/3
   645 | D:2      | Reached skill level 4 in Unarmed Combat
   695 | D:2      | Found a glowing golden altar of the Shining One.
   798 | D:2      | Reached XP level 4. HP: 27/28 MP: 4/4
   947 | D:2      | Found a faded altar of an unknown god.
  1188 | D:3      | Found a broken altar of Ashenzari.
  1193 | D:3      | Saw a vision of the Shoals and the Spider Nest.
  1193 | D:3      | Noticed a spark wasp
  1193 | D:3      | Noticed a merfolk
  1193 | D:3      | Noticed a redback
  1193 | D:3      | Noticed a redback
  1193 | D:3      | Noticed a harpy
  1193 | D:3      | Noticed a tarantella
  1193 | D:3      | Noticed a redback
  1193 | D:3      | Noticed a redback
  1193 | D:3      | Noticed a manticore
  1193 | D:3      | Noticed a demonic crawler
  1195 | D:3      | Noticed a jumping spider
  1195 | D:3      | Noticed a wolf spider
  1195 | D:3      | Noticed a culicivora
  1195 | D:3      | Noticed a merfolk
  1196 | D:3      | Noticed a broodmother
  1198 | D:3      | Noticed a redback
  1202 | D:3      | Became a worshipper of Ashenzari the Shackled
  1203 | D:3      | Noticed a redback
  1203 | D:3      | Noticed a wolf spider
  1206 | D:3      | Noticed a redback
  1250 | D:3      | Reached XP level 5. HP: 33/33 MP: 5/5
  1376 | D:3      | Reached skill level 5 in Unarmed Combat
  1380 | D:3      | Slain by a wight

Illustrated notes

Levels and vault maps discovered:
D:1:      minmay_arrival_semitransparent, layout_rooms
D:2:      layout_basic, basic_altar, chequers_ecumenical_altar_simple,
          lightli_corner_chamber
D:3:      layout_basic, mainiacjoe_overflow_alcove_4, grunt_ashenzari_visionary
          [grunt_ashenzari_visionary_shoals, grunt_ashenzari_visionary_spider],
          gammafunk_ghost_icy, kennysheep_cross_room, uniq_crazy_yiuf_cottage

Skill      XL: |  1  2  3  4  5 |
---------------+----------------+-----
Unarmed Combat | 4 5 |  5.5
Shapeshifting  | 4 |  4.2
Fighting       | |  1.0
Dodging        | |  2.0

Action                     |  1- 3 |  4- 6 || total
---------------------------+-------+-------++-------
  Melee: Unarmed           |    55 |    55 ||   110
         Tentacles         |    13 |    11 ||    24
         Constrict         |     8 |    16 ||    24
         Punch             |     2 |     1 ||     3
    Use: Potion            |       |     1 ||     1
   Stab: Sleeping          |     6 |     3 ||     9
 Armour: Skin              |    29 |    24 ||    53
  Dodge: Dodged            |    21 |    15 ||    36

Table legend: (Time is in decaauts)
 A = Elapsed time spent in this place.
 B = Non-inter-level travel time spent in this place.
 C = Inter-level travel time spent in this place.
 D = Time resting spent in this place.
 E = Time spent auto-exploring this place.
 F = Levels seen in this place.
 G = Mean time per level.
                   A        B        C        D        E       F      G
               +--------+--------+--------+--------+--------+-----+--------+
         Total |   1370 |   1347 |     23 |     36 |    997 |   3 |  456.7 |
       Dungeon |   1370 |   1347 |     23 |     36 |    997 |   3 |  456.7 |
               +--------+--------+--------+--------+--------+-----+--------+

Top non-repeatable levels by time:
     D:2: 690 daAuts
     D:1: 484 daAuts
     D:3: 196 daAuts
